AoeStats
← Fazzz7z

Arabia

506834024Analyzed
2v2 RM · 17d ago on Sep 15, 2026· 22m 21s· 4 players
Game mode
Random Map
Map size
Medium (4 player)
Population
200
Speed
Normal
Resources
Standard
Victory
Conquest
Starting age
Dark Age
Ending age
Imperial Age
RankedLock teamsTeams togetherTeam positionsShared explorationLock speedFull tech treeHidden civsTurbo modeCheats
Victory
Defeat
🇭🇰 Tatars · Hong Kong SAR China
1400
+15
🇬🇧 Persians · United Kingdom
1377
+16
🇺🇸 Ethiopians · United States
1428
-18
🇵🇱 Celts · Poland
1308
-13
A Mongolito
6:29 Loom
9:21 Feudal Age
10:44 Double-Bit Axe
16:33 Fletching
20:32 Wheelbarrow
23:10 Castle Age
21:59 Padded Archer Armor
21:43 Horse Collar
aka Frost1e
7:05 Loom
9:43 Feudal Age
10:23 Man-at-Arms
12:50 Double-Bit Axe
14:59 Fletching
Grrgrag
5:56 Loom
9:43 Feudal Age
10:21 Double-Bit Axe
17:15 Fletching
18:22 Padded Archer Armor
20:30 Wheelbarrow
24:05 Castle Age
22:49 Gold Mining
Fazzz7z
5:35 Loom
9:11 Feudal Age
9:34 Double-Bit Axe
16:04 Scale Barding Armor
16:06 Horse Collar
17:21 Fletching
18:34 Forging
22:17 Castle Age
20:25 Gold Mining
21:17 Bloodlines
22:03 Light Cavalry
22:44 Husbandry
23:21 Iron Casting
Connection lost

Rejoining the realm…

Still unreachable

The connection could not be restored.

Session expired

The server has moved on; the page needs a fresh start.